 Dungeon Crawl Stone Soup version 0.21.1-1-g345015f (webtiles) character file.

133 prawnwizard the Magician (level 5, -6/37 HPs)
             Began as a Gnoll Wizard on July 1, 2018.
             Mangled by a gnoll
             ... wielding a +0 spear
              (9 damage)
             ... on level 3 of the Dungeon.
             The game lasted 00:15:09 (3110 turns).

prawnwizard the Magician (Gnoll Wizard)             Turns: 3110, Time: 00:15:10

Health: -6/37      AC:  2    Str:  9    XL:     5   Next: 16%
Magic:  8/14       EV: 14    Int: 22    God:
Gold:   155        SH:  0    Dex: 13    Spells: 7/18 levels left

rFire    . . .     SeeInvis .     - Unarmed
rCold    . . .     Gourm    .   (no shield)
rNeg     . . .     Faith    .   a - +0 robe
rPois    .         Spirit   .   b - +0 hat
rElec    .         Reflect  .   (no cloak)
rCorr    .         Harm     .   (no gloves)
MR       .....                  (no boots)
Stlth    +++.......             (no amulet)
HPRegen  0.12/turn              (no ring)
MPRegen  0.14/turn              (no ring)

@: very slightly contaminated
A: distributed training, fangs 1, strong nose
a: no special abilities


You were on level 3 of the Dungeon.
You were hungry.

You visited 1 branch of the dungeon, and saw 3 of its levels.

You collected 155 gold pieces.

Inventory:

Hand Weapons
 f - a +1 antimagic dagger
Armour
 a - a +0 robe (worn)
 b - a +0 hat (worn)
Jewellery
 k - an uncursed ring of fire {unknown}
Wands
 q - a wand of polymorph (17)
Scrolls
 h - a scroll of remove curse
 i - 3 scrolls of identify {unknown}
 l - a scroll of amnesia {unknown}
 n - a scroll of fear {unknown}
Potions
 e - a potion of brilliance {unknown}
 g - 2 potions of flight {unknown}
 j - a potion of haste {unknown}
 m - a potion of curing {unknown}
 p - a potion of lignification {unknown}
Books
 c - a book of Minor Magic

   Spells                             Type                      Level
   a - Magic Dart                     Conjuration                  1
   b - Blink                          Translocation                2
   c - Call Imp                       Summoning                    2
   d - Slow                           Hexes                        2
   e - Conjure Flame                  Conjuration/Fire             3
   f - Mephitic Cloud                 Conjuration/Poison/Air       3
Comestibles
 d - 4 rations
 o - a chunk of flesh


   Skills:
 + Level 1.3 Fighting
 + Level 1.3 Short Blades
 + Level 1.3 Long Blades
 + Level 1.3 Axes
 + Level 1.3 Maces & Flails
 + Level 1.3 Polearms
 + Level 1.3 Staves
 + Level 1.3 Slings
 + Level 1.3 Bows
 + Level 1.3 Crossbows
 + Level 1.3 Throwing
 + Level 1.3 Armour
 + Level 4.7 Dodging
 + Level 4.3 Stealth
 + Level 1.3 Shields
 + Level 1.3 Unarmed Combat
 + Level 7.2 Spellcasting
 + Level 2.3 Conjurations
 + Level 1.1 Hexes
 + Level 1.1 Charms
 + Level 2.3 Summonings
 + Level 1.1 Necromancy
 + Level 2.3 Translocations
 + Level 1.1 Transmutations
 + Level 1.1 Fire Magic
 + Level 1.1 Ice Magic
 + Level 1.1 Air Magic
 + Level 1.1 Earth Magic
 + Level 1.1 Poison Magic
 + Level 1.5 Invocations
 + Level 1.3 Evocations


You had 7 spell levels left.
You knew the following spells:

 Your Spells              Type           Power        Failure   Level  Hunger
a - Magic Dart            Conj           ###.         3%          1    None
b - Blink                 Tloc           N/A          4%          2    None
c - Call Imp              Summ           ###.....     4%          2    None
d - Mephitic Cloud        Conj/Pois/Air  ##......     13%         3    None
e - Conjure Flame         Conj/Fire      ###.....     12%         3    None


Dungeon Overview and Level Annotations

Branches:
Dungeon (3/15)

Altars:
Cheibriados
Hepliaklqana

Annotations:
D:3 NewPlayer's ghost, amateur DsFi


Innate Abilities, Weirdness & Mutations

Your experience applies equally to all skills.
You have very sharp teeth.
Your uncanny sense of smell can sniff out nearby items.


Message History

Confirm with . or Enter, or press ? or * to list all spells.
Aiming: Magic Dart
Press: ? - help, Shift-Dir - straight line, f/p - gnoll
Aim: a gnoll, wielding a spear (heavily wounded)
The magic dart hits the gnoll.
The gnoll is severely wounded.
The gnoll hits you with a spear!
* * * LOW HITPOINT WARNING * * *
The kobold closely misses you.
The gnoll hits you from afar with a spear.
* * * LOW HITPOINT WARNING * * *
Casting: Magic Dart
Confirm with . or Enter, or press ? or * to list all spells.
Aiming: Magic Dart
Press: ? - help, Shift-Dir - straight line, f/p - gnoll
Aim: a gnoll, wielding a spear (severely wounded)
The magic dart hits the gnoll.
The gnoll is almost dead.
The gnoll hits you from afar with a spear!
You die...

#.......# โˆ† #.......#
#.......# ### ##.....## ..#
##...## #.#
####'#######+####### #.#
#..รท............$... #.#
#####...................
###)###........@.gK...........
#..........###'#######'######
#.##.#####.##.).## #...#
#.##.# ###.....###.....#
#.##.# #.......#...$...#
#.##.# #.......#.....(.#
#.##.# #.......#...)...# โˆ†
#.##.. โˆ†##.....###.....##
#.#### ##...#####...##


You could see a gnoll and a kobold.

Vanquished Creatures
  A gnoll (D:3)
  4 adders
  A worm (D:2)
  3 dart slugs
  3 leopard geckos
  3 orcs (D:3)
  4 giant cockroaches
  9 goblins
  10 hobgoblins
  8 jackals
  A quokka (D:2)
  3 ball pythons
  8 bats
  3 frilled lizards
  6 kobolds
  3 rats
70 creatures vanquished.

Notes
Turn   | Place    | Note
-------+----------+-------------------------------------------
     0 | D:1      | prawnwizard the Gnoll Wizard began the quest for the Orb.
     0 | D:1      | Reached XP level 1. HP: 13/13 MP: 8/8
   210 | D:1      | Reached XP level 2. HP: 19/19 MP: 7/10
   676 | D:1      | Reached XP level 3. HP: 25/25 MP: 8/11
  1072 | D:2      | Learned a level 2 spell: Blink
  1075 | D:2      | Learned a level 2 spell: Call Imp
  1079 | D:2      | Learned a level 3 spell: Mephitic Cloud
  1083 | D:2      | Learned a level 3 spell: Conjure Flame
  1219 | D:2      | Reached skill level 1 in Invocations
  1266 | D:2      | Reached skill level 1 in Fighting
  1266 | D:2      | Reached skill level 1 in Short Blades
  1266 | D:2      | Reached skill level 1 in Long Blades
  1266 | D:2      | Reached skill level 1 in Axes
  1266 | D:2      | Reached skill level 1 in Maces & Flails
  1266 | D:2      | Reached skill level 1 in Polearms
  1266 | D:2      | Reached skill level 1 in Staves
  1266 | D:2      | Reached skill level 1 in Slings
  1266 | D:2      | Reached skill level 1 in Bows
  1266 | D:2      | Reached skill level 1 in Crossbows
  1266 | D:2      | Reached skill level 1 in Throwing
  1266 | D:2      | Reached skill level 1 in Armour
  1266 | D:2      | Reached skill level 1 in Shields
  1266 | D:2      | Reached skill level 1 in Unarmed Combat
  1266 | D:2      | Reached skill level 1 in Evocations
  1495 | D:2      | Reached XP level 4. HP: 32/32 MP: 3/13
  2003 | D:2      | Found a hazy altar of Hepliaklqana.
  2235 | D:3      | Noticed NewPlayer's ghost (amateur DsFi)
  2239 | D:3      | Reached skill level 1 in Hexes
  2239 | D:3      | Reached skill level 1 in Charms
  2239 | D:3      | Reached skill level 1 in Necromancy
  2239 | D:3      | Reached skill level 1 in Transmutations
  2239 | D:3      | Reached skill level 1 in Fire Magic
  2239 | D:3      | Reached skill level 1 in Ice Magic
  2239 | D:3      | Reached skill level 1 in Air Magic
  2239 | D:3      | Reached skill level 1 in Earth Magic
  2239 | D:3      | Reached skill level 1 in Poison Magic
  2739 | D:3      | Reached XP level 5. HP: 32/37 MP: 9/14
  2793 | D:3      | Found a snail-covered altar of Cheibriados.
  3110 | D:3      | Mangled by a gnoll

Skill      XL: |  1  2  3  4 |
---------------+-------------+-----
Conjurations   | 2 |  2.3
Summonings     | 2 |  2.3
Translocations | 2 |  2.3
Invocations    | 1 |  1.5
Fighting       | 1 |  1.3
Short Blades   | 1 |  1.3
Long Blades    | 1 |  1.3
Axes           | 1 |  1.3
Maces & Flails | 1 |  1.3
Polearms       | 1 |  1.3
Staves         | 1 |  1.3
Slings         | 1 |  1.3
Bows           | 1 |  1.3
Crossbows      | 1 |  1.3
Throwing       | 1 |  1.3
Armour         | 1 |  1.3
Shields        | 1 |  1.3
Unarmed Combat | 1 |  1.3
Evocations     | 1 |  1.3
Hexes          | 1 |  1.1
Charms         | 1 |  1.1
Necromancy     | 1 |  1.1
Transmutations | 1 |  1.1
Fire Magic     | 1 |  1.1
Ice Magic      | 1 |  1.1
Air Magic      | 1 |  1.1
Earth Magic    | 1 |  1.1
Poison Magic   | 1 |  1.1
Dodging        | |  4.7
Stealth        | |  4.3
Spellcasting   | |  7.2

Action                   |  1- 3 |  4- 6 || total
-------------------------+-------+-------++-------
Melee: Unarmed           |    24 |     8 ||    32
       Dagger            |     1 |       ||     1
       Bite              |     3 |     1 ||     4
 Cast: Magic Dart        |    88 |    96 ||   184
  Use: Scroll            |     1 |       ||     1
  Eat: Chunk             |     2 |     4 ||     6
Armor: Robe              |     3 |     3 ||     6
Dodge: Dodged            |    24 |    23 ||    47
